 Dungeon Crawl Stone Soup version 0.32-a0-391-gce5c0aab1b (webtiles) character file.

Game seed: 18409650065290001146

198 2tousent the Shooter (level 5, -4/36 HPs)
             Began as a Coglin Hunter on Feb 19, 2024.
             Incinerated by a bombardier beetle (10 damage)
             ... with a burning spray
             ... on level 4 of the Dungeon.
             The game lasted 00:04:35 (2309 turns).

2tousent the Shooter (Coglin Hunter)                Turns: 2309, Time: 00:04:36

Health: -4/36      AC:  5    Str: 13    XL:     5   Next: 77%
Magic:  5/5        EV: 12    Int: 12    God:
Gold:   55         SH:  0    Dex: 16    Spells: 4/4 levels left

rFire   . . .        a - +0 shortbow {Luis}
rCold   . . .        (shield currently unavailable)
rNeg    . . .        c - +0 leather armour
rPois   +            (helmet restricted)
rElec   .            (no cloak)
rCorr   .            o - +1 pair of gloves
SInv    .            (no boots)
Will    .....        (no amulet) Stlth
                     (no ring)
HPRegen 0.26/turn    (no ring)
MPRegen 0.09/turn

%: no passive effects
@: on fire, silenced, glowing, revving
A: off-hand wielding, slow wielding, warmup strikes, warmup strides, horns 1,
clever 1, frail 1, poison resistance, persistent drain
a: no special abilities


You were on level 4 of the Dungeon.
You visited 1 branch of the dungeon, and saw 4 of its levels.

You collected 55 gold pieces.

Inventory:

Hand Weapons
 a - a +0 shortbow (weapon) {Luis}
 r - a +0 sling
Armour
 c - a +0 leather armour (worn)
 o - a +1 pair of gloves (worn)
Wands
 p - a wand of flame (18)
Scrolls
 b - a scroll of butterflies
 d - 2 scrolls of identify
 k - a scroll of fear
 q - a scroll of acquirement {unknown}
 s - a scroll of enchant weapon {unknown}
 u - a scroll of brand weapon {unknown}
Potions
 f - a potion of lignification {unknown}
 h - a potion of heal wounds {unknown}
 i - a potion of resistance {unknown}
 j - a potion of ambrosia
 l - a potion of attraction {unknown}
 t - 2 potions of curing


   Skills:
 + Level 2.9 Fighting
 * Level 4.7 Ranged Weapons
 + Level 1.8 Armour
 + Level 2.7 Dodging
 - Level 0.7 Stealth
 * Level 1.8 Evocations


You had 4 spell levels left.
You didn't know any spells.
Your spell library contained the following spells:

 Spells                   Type           Power      Damage    Failure   Level
 Sting                    Conj/Alch      0%         1d3       38%         1
 Summon Blazeheart Golem  Fire/Summ      0%         N/A       99%         4
 Orb of Destruction       Conj           0%         9d5       100%        7
 Spellforged Servitor     Conj/Summ      0%         N/A       100%        7


Dungeon Overview and Level Annotations

Branches:
Dungeon (4/15)
 Temple: D:4-7

Altars:
Uskayaw

Annotations:
D:2 1 runed translucent door, Crazy Yiuf


Innate Abilities, Weirdness & Mutations

You can wield a second weapon in your off-hand.
It takes a long time for you to wield or remove held weapons.
Your first few attacks do less damage.
Your first movements take longer.
You have a pair of small horns on your head.
Your mind is acute. (Int +4, Str/Dex -1)
You are frail. (-10% HP)
Your system is resistant to poisons. (rPois)
Your health recovers twice as slowly from being drained.


Message History

The bombardier beetle sprays incendiary fluid at you.
The burning spray hits you.
You are covered in liquid fire!
You shoot an arrow. The arrow hits the bombardier beetle.
The bombardier beetle is almost dead.
The liquid fire burns you!
You shoot an arrow. The arrow hits the bombardier beetle!
You kill the bombardier beetle!
The liquid fire burns you!
As you read the scroll labelled JUNNIO RIUJE, it crumbles to dust.
It is a scroll of identify.
j - a potion of ambrosia The liquid fire burns you!
As you read the scroll labelled LAOVEO MAXITE, it crumbles to dust.
It is a scroll of enchant armour.
Your +0 pair of gloves glows green for a moment.
The liquid fire burns you!
The air fills with toxic fumes!
As you read the scroll labelled ESYTYI XEUPT, it crumbles to dust.
It was a scroll of poison.
The liquid fire burns you!
As you read the scroll labelled GEAGEALIEV, it crumbles to dust.
You assume a fearsome visage.
Nothing appears to happen.
It was a scroll of fear.
The liquid fire burns you!
As you read the scroll labelled NUONIGAITU, it crumbles to dust.
You feel aware of your surroundings.
It was a scroll of revelation.
The liquid fire burns you!
* * * LOW HITPOINT WARNING * * *
As you read the scroll labelled VIXKEE KADDINU, it crumbles to dust.
A profound silence engulfs you.
It was a scroll of silence.
The liquid fire burns you!
* * * LOW HITPOINT WARNING * * *
You are on fire!
You are on fire!
Okay, then.
Magic scrolls do not work when you're silenced!
You shake off some of the fire as you move.
The liquid fire burns you!
You die...

###############
###############
############### ****
###############
*****,,**###############
**
,,,,,,,,,.##############
*,
,,,,,,,,,#########§§§###
*,
,,,,,,,,,#######<§§§§§§#*
*,
,,,,,,,,*####§§§@§§§§§§§**
*,
,*,,,,,,*###§§§§§§§§§§§§,*
*,
***,,,,**###§§§§§§§§§§§§,*
** * **,,,*
###§§§§§§§§§§§§,* * *
***,**##§§§§§§§§§§§§§,* **
* **,,##§§§§§§§§§§§§§,*
***, *
**,.#§§§§§§§§§§§§§,* **,,,
**,..............*****,,,,
**,,,,,,,,,,,******,,,,**


There were no monsters in sight!

Vanquished Creatures
  A bombardier beetle (D:4)
  Terence (D:2)
  4 adders (D:3)
  A dart slug (D:2)
  4 orcs
  4 bats
  An endoplasm (D:1)
  2 giant cockroaches
  7 goblins
  7 hobgoblins
  6 jackals (D:1)
  5 kobolds
  4 ball pythons
  3 frilled lizards (D:1)
  5 rats
55 creatures vanquished.

Notes
Turn   | Place    | Note
-------+----------+-------------------------------------------
     0 | D:1      | 2tousent the Coglin Hunter began the quest for the Orb.
     0 | D:1      | Reached XP level 1. HP: 16/16 MP: 1/1
    47 | D:1      | Reached XP level 2. HP: 22/22 MP: 2/2
   146 | D:1      | Reached XP level 3. HP: 27/27 MP: 3/3
   148 | D:1      | Reached skill level 4 in Ranged Weapons
   286 | D:1      | You fall into a shaft and drop 1 floor!
   307 | D:1      | Reached skill level 1 in Armour
   822 | D:2      | Found a hide-covered altar of Uskayaw.
   868 | D:2      | Noticed Terence
  1134 | D:2      | Gained mutation: You have a pair of small horns on your
                  | head. [potion of mutation]
  1134 | D:2      | Gained mutation: Your mind is acute. (Int +4, Str/Dex -1)
                  | [potion of mutation]
  1134 | D:2      | Gained mutation: You have hidden genetic defects. [potion
                  | of mutation]
  1134 | D:2      | Gained mutation: Your system is resistant to poisons.
                  | (rPois) [potion of mutation]
  1151 | D:2      | Killed Terence
  1152 | D:2      | Reached XP level 4. HP: 14/34 MP: 4/4
  1161 | D:2      | Gained mutation: You are frail. (-10% HP) [hidden defects]
  1400 | D:2      | Found a faded altar of an unknown god.
  1408 | D:2      | Got Plato's Thoughts on Quintessence
  1583 | D:2      | Found a runed translucent door.
  1584 | D:2      | Noticed Crazy Yiuf
  1778 | D:3      | Gained mutation: Your health recovers twice as slowly from
                  | being drained. [hidden defects]
  1778 | D:3      | Lost mutation: You have hidden genetic defects. [hidden
                  | defects expressed]
  1881 | D:3      | Reached XP level 5. HP: 32/35 MP: 5/5
  1906 | D:3      | Reached skill level 1 in Evocations
  2309 | D:4      | Incinerated by a bombardier beetle

Illustrated notes

Levels and vault maps discovered:
D:1:      heliophobic_arrival_battle_scene, layout_loops_ring
D:2:      layout_loops_ring, basic_altar, shapermc_ecumenical_altar_rom_forum,
          uniq_terence, uniq_crazy_yiuf_cottage
D:3:      layout_rooms, kennysheep_generic_room_15
D:4:      layout_cave_pods

Skill      XL: |  1  2  3  4  5 |
---------------+----------------+-----
Dodging        | 2 |  2.7
Ranged Weapons | 4 |  4.7
Armour         | 1 |  1.8
Evocations     | 1 |  1.8
Fighting       | |  2.9
Stealth        | |  0.7

Action                     |  1- 3 |  4- 6 || total
---------------------------+-------+-------++-------
   Fire: Shortbow          |   102 |   107 ||   209
    Use: Potion            |     4 |       ||     4
         Scroll            |     2 |     6 ||     8
 Armour: Leather armour    |    28 |    37 ||    65
  Dodge: Dodged            |    34 |    52 ||    86

Table legend: (Time is in decaauts)
 A = Elapsed time spent in this place.
 B = Non-inter-level travel time spent in this place.
 C = Inter-level travel time spent in this place.
 D = Time resting spent in this place.
 E = Time spent auto-exploring this place.
 F = Levels seen in this place.
 G = Mean time per level.
                   A        B        C        D        E       F      G
               +--------+--------+--------+--------+--------+-----+--------+
         Total |   2393 |   2246 |    147 |    171 |   1652 |   4 |  598.2 |
       Dungeon |   2393 |   2246 |    147 |    171 |   1652 |   4 |  598.2 |
               +--------+--------+--------+--------+--------+-----+--------+

Top non-repeatable levels by time:
     D:2: 1154 daAuts
     D:3: 626 daAuts
     D:1: 596 daAuts
     D:4: 16 daAuts
